 Dungeon Crawl Stone Soup version 0.21-a0-632-g1e37ce5 (webtiles) character file.

47773 Amnesiac the Fighter (level 14, 0/129 HPs)
             Began as a Minotaur Monk on Dec 28, 2017.
             Was a High Priest of Okawaru.
             Killed from afar by a starcursed mass (8 damage)
             ... with an accursed screaming
             ... on level 4 of the Abyss.
             The game lasted 00:33:07 (16290 turns).

Amnesiac the Fighter (Minotaur Monk)               Turns: 16290, Time: 00:33:08

Health: 0/129      AC: 31    Str: 24    XL:     14   Next: 9%
Magic:  0/6        EV: 19    Int:  7    God:    Okawaru [*****.]
Gold:   703        SH:  0    Dex: 12    Spells: 5/13 levels left

rFire    . . .     SeeInvis .   g - +6 halberd "Qifiomnouxt" {antimagic, Str+2}
rCold    . . .     Gourm    .   (shield currently unavailable)
rNeg     + . .     Faith    .   P - +1 pearl dragon scales
rPois    .         Spirit   .   b - +1 hat
rElec    .         Reflect  .   (no cloak)
rCorr    .         Harm     .   t - +0 pair of gloves
MR       +....                  (no boots)
Stlth    ++........             o - amulet of rage
HPRegen  0.31/turn              e - +4 ring of protection
MPRegen  0.10/turn              q - +5 ring of protection

@: heroism, finesse
A: retaliatory headbutt, horns 2
a: Heroism, Finesse, Renounce Religion, Evoke Berserk Rage


You were on level 4 of the Abyss.
You worshipped Okawaru.
Okawaru was extremely pleased with you.
You were not hungry.

You visited 4 branches of the dungeon, and saw 14 of its levels.
You visited the Abyss 1 time.
You also visited: Desolation.

You collected 1275 gold pieces.
You spent 572 gold pieces at shops.

Inventory:

Hand Weapons
 g - the +6 halberd "Qifiomnouxt" (weapon) {antimagic, Str+2}
   (Okawaru gifted it to you on level 1 of the Elven Halls)

   It reduces the magical energy of the wielder, and disrupts the spells and
   magical abilities of those hit.
   Natural abilities and divine invocations are not affected.
   It affects your strength (+2).
 r - the +6 arbalest of Trial by Ordeal {elec, rElec rF+}
   (Okawaru gifted it to you on level 1 of the Elven Halls)

   It charges the ammunition it shoots with electricity; occasionally upon a
   hit, such missiles may discharge and cause terrible harm.
   It protects you from fire.
   It insulates you from electricity.
Missiles
 h - 66 poisoned needles
 i - 336 stones (quivered)
 B - 2 needles of sleeping
Armour
 b - a +1 hat (worn)
 p - a +0 pair of boots
 t - a +0 pair of gloves (worn)
 v - a +1 scale mail of cold resistance
 x - the +6 chain mail of Fanaticism {rF+ SInv, unknown}
   (You found it on level 4 of the Abyss)

   It protects you from fire.
   It lets you see invisible.
 A - a +0 buckler
 P - +1 pearl dragon scales (worn)
Jewellery
 e - a +4 ring of protection (left hand)
 o - an amulet of rage (around neck)
 q - a +5 ring of protection (right hand)
 w - an uncursed ring of flight
 y - an uncursed ring of protection from cold
 C - an uncursed ring of protection from fire
Wands
 s - a wand of iceblast (13)
 z - a wand of clouds (1)
 G - a wand of enslavement (11)
 I - a wand of paralysis (13)
 O - a wand of digging (2)
Scrolls
 a - 2 scrolls of identify {!r}
 f - 8 scrolls of remove curse {!r}
 k - a scroll of amnesia {!r, unknown}
 n - a scroll of enchant weapon {!r}
 u - a scroll of teleportation {!r}
 F - 2 scrolls of fear {!r}
Potions
 d - 2 potions of haste {!q}
 j - a potion of flight {!q}
 l - a potion of mutation {!q}
 m - 2 potions of cancellation {!q}
 D - a potion of magic {!q}
 K - a potion of curing {!q}
Comestibles
 c - 15 rations


   Skills:
 - Level 13.6(18.6) Fighting
 - Level 13.5(18.5) Polearms
 - Level 13.6(18.6) Armour
 - Level 12.6(17.6) Dodging
 - Level 1.5(6.5) Stealth
 - Level 4.0(9.0) Shields
 + Level 9.4 Invocations


You had 5 spell levels left.
You knew the following spells:

 Your Spells              Type           Power        Failure   Level  Hunger
e - Mephitic Cloud        Conj/Pois/Air  #.......     95%         3    ####...
s - Conjure Flame         Conj/Fire      #.......     95%         3    ####...
v - Blink                 Tloc           N/A          80%         2    ###....


Dungeon Overview and Level Annotations

Branches:
Dungeon (9/15)             Temple (1/1) D:4             Orc (2/2) D:9
    Elf (2/3) Orc:2
   Lair: D:8-11

Altars:
Ashenzari
Cheibriados
Dithmenos
Elyvilon
Fedhas
Gozag
Hepliaklqana
Kikubaaqudgha
Makhleb
Nemelex Xobeh
Okawaru
Qazlal
Ru
Sif Muna
Trog
Uskayaw
Vehumet
Wu Jian
Xom
Yredelemnul
Zin
The Shining One

Shops:
D:5 (   Orc:2 (=*[

Portals:
Trove: Elf:1 (give +6 ice dragon scales)

Annotations:
Elf:2 exclusion: 2 doors, Saint Roka


Innate Abilities, Weirdness & Mutations

You reflexively headbutt those who attack you in melee.
You have a pair of horns on your head.


Message History

You reach to attack!
You hit the starcursed mass but do no damage.
A starcursed mass splits.
Attack whom?
Press: ? - help, Dir - move target cursor, f/p - starcursed mass
Aim: a starcursed mass You reach to attack!
You hit the starcursed mass.
The starcursed mass is lightly damaged.
The starcursed mass shudders and is absorbed by its neighbour.
Attack whom?
Press: ? - help, Dir - move target cursor, f - starcursed mass
Aim: a starcursed mass (lightly damaged)
You reach to attack!
You puncture the starcursed mass!
The starcursed mass is moderately damaged.
The starcursed mass shudders and is absorbed by its neighbour.
A chorus of shrieks assaults your mind.
* * * LOW HITPOINT WARNING * * *
A starcursed mass splits.
Attack whom?
Press: ? - help, Dir - move target cursor, f - starcursed mass
Aim: a starcursed mass (lightly damaged)
You reach to attack!
You hit the starcursed mass.
The starcursed mass is moderately damaged.
The starcursed mass shudders and is absorbed by its neighbour.
A starcursed mass splits.
A rakshasa comes into view. It is wielding a long sword.
Attack whom?
Press: ? - help, Dir - move target cursor, f - starcursed mass
Aim: a starcursed mass (lightly damaged)
You slash the starcursed mass!
The starcursed mass is heavily damaged.
The starcursed mass shudders and is absorbed by its neighbour.
Attack whom?
Press: ? - help, Dir - move target cursor, f - starcursed mass
Aim: a starcursed mass (moderately damaged)
You impale the starcursed mass!!
You headbutt the starcursed mass, but do no damage.
The starcursed mass is heavily damaged.
The starcursed mass shudders and is absorbed by its neighbour.
Attack whom?
Press: ? - help, Dir - move target cursor, f - starcursed mass
Aim: a starcursed mass (heavily damaged)
You reach to attack!
You puncture the starcursed mass!
The starcursed mass is severely damaged.
The starcursed mass shudders and is absorbed by its neighbour.
A chorus of shrieks assaults your mind.
* * * LOW HITPOINT WARNING * * *
Attack whom?
Press: ? - help, Dir - move target cursor, f - starcursed mass
Aim: a starcursed mass You reach to attack!
You puncture the starcursed mass!
The starcursed mass is moderately damaged.
The starcursed mass shudders and is absorbed by its neighbour.
The rakshasa gestures at you. The orb of energy misses you.
A starcursed mass splits.
Attack whom?
Press: ? - help, Dir - move target cursor, f - starcursed mass
Aim: a starcursed mass (moderately damaged)
You slice the starcursed mass!! You headbutt the starcursed mass!
You destroy the starcursed mass!
Okawaru accepts your kill. A chorus of shrieks assaults your mind.
You die...

. . .. # . ...
. . # .### ##.
. .##.
#.R.##..>. .
#.. . ...... .
... # #...###
#. #...#.##X
.# ###.. ##..#
.# ##.
....#.#.@.##.#
.# .
..##.###...#
#Z...X.. #.#
......#X.#.##X
## .....#.. #
#...#... ##
#.###..##.#..
#. ..# .# # #
.#. .


You could see 2 starcursed masses and a rakshasa.

Vanquished Creatures
  2 deep elf sorcerers
  An orc warlord (Orc:1)
  A deep elf demonologist (Elf:2)
  A deep elf high priest (Elf:2)
  A rakshasa (Abyss:3)
  2 peacekeepers (Desolation)
  A two-headed ogre (D:9)
  11 dancing weapons
  Urug (Orc:1)
  A thrashing horror (Abyss:3)
  5 orc high priests
  6 deep elf knights
  A large abomination (Abyss:4)
  5 deep elf archers
  2 orc knights
  5 orc sorcerers
  23 deep elf magi
  An apocalypse crab (Abyss:3)
  A starcursed mass (Abyss:4)
  An ancient zyme (Abyss:3)
  A silent spectre (Abyss:4)
  6 trolls
  4 saltlings
  4 hippogriffs
  2 water elementals
  An air elemental (Elf:1)
  3 yaks (D:8)
  2 small abominations (Abyss:3)
  3 wargs
  A water moccasin (D:6)
  Duvessa (D:5)
  A sky beast (D:8)
  4 ogres
  4 ice beasts
  A necrophage (D:7)
  A black mamba simulacrum (Abyss:4)
  20 orc warriors
  2 centaurs
  A crocodile (D:7)
  4 bullfrogs
  An earth elemental (Elf:2)
  Dowan (D:5)
  A scorpion (D:9)
  2 howler monkeys (D:5)
  5 crimson imps
  2 jellies
  A quasit (Abyss:3)
  A bullfrog zombie (D:7)
  3 hounds
  8 orc priests
  2 bullfrog skeletons
  A gnoll shaman (D:6)
  16 orc wizards
  A centaur skeleton (D:8)
  Jessica (D:2)
  4 worker ants
  A hound skeleton (D:7)
  A worker ant zombie (D:5)
  3 gnolls (D:6)
  14 adders
  An ufetubus (Abyss:3)
  2 adder skeletons
  An adder zombie (D:6)
  A worm (D:2)
  3 dart slugs
  4 leopard geckos
  55 orcs
  4 ball pythons
  3 giant cockroaches
  4 goblins
  11 hobgoblins
  10 jackals
  8 kobolds
  5 quokkas
  A ball python skeleton (D:6)
  9 bats
  2 frilled lizards
  A quokka skeleton (D:7)
  7 rats
339 creatures vanquished.

Vanquished Creatures (others)
  7 fungi (Orc:2)
7 creatures vanquished.

Grand Total: 346 creatures vanquished

Notes
Turn   | Place    | Note
-------+----------+-------------------------------------------
     0 | D:1      | Amnesiac the Minotaur Monk began the quest for the Orb.
     0 | D:1      | Reached XP level 1. HP: 19/19 MP: 0/0
   183 | D:1      | Reached skill level 1 in Armour
   273 | D:1      | Reached XP level 2. HP: 26/26 MP: 1/1
   825 | D:2      | Reached XP level 3. HP: 9/31 MP: 2/2
  1315 | D:2      | Reached XP level 4. HP: 40/40 MP: 3/3
  1333 | D:2      | Found a glowing golden altar of the Shining One.
  1335 | D:2      | Found a hide-covered altar of Uskayaw.
  1335 | D:2      | Found a sparkling altar of Nemelex Xobeh.
  1343 | D:2      | Found an iron altar of Okawaru.
  1343 | D:2      | Found a shimmering altar of Xom.
  1343 | D:2      | Found an opulent altar of Gozag.
  1461 | D:2      | Found a hide-covered altar of Uskayaw.
  1466 | D:2      | Noticed Jessica
  1475 | D:2      | Killed Jessica
  1549 | D:3      | Found a sacrificial altar of Ru.
  1707 | D:3      | Reached XP level 5. HP: 35/46 MP: 4/4
  2077 | D:3      | Found a radiant altar of Vehumet.
  2077 | D:3      | Found a blossoming altar of Fedhas.
  2334 | D:4      | Noticed an ice beast
  2339 | D:4      | Reached XP level 6. HP: 53/53 MP: 5/5
  2363 | D:4      | Killed an ice beast
  2363 | D:4      | Reached skill level 5 in Fighting
  2363 | D:4      | Reached skill level 5 in Polearms
  2363 | D:4      | Reached skill level 5 in Armour
  2530 | D:4      | Found a white marble altar of Elyvilon.
  2592 | D:4      | Found a staircase to the Ecumenical Temple.
  2686 | Temple   | Entered the Ecumenical Temple
  2992 | Temple   | Became a worshipper of Warmaster Okawaru
  2992 | Temple   | Reached * piety under Okawaru
  2992 | Temple   | Reached ** piety under Okawaru
  3225 | D:4      | Reached XP level 7. HP: 55/61 MP: 6/6
  3255 | D:4      | Reached skill level 5 in Dodging
  3255 | D:4      | Reached skill level 1 in Invocations
  3484 | D:5      | Entered Level 5 of the Dungeon
  3813 | D:5      | Found Otiax's Weapon Emporium.
  3943 | D:5      | Found a snail-covered altar of Cheibriados.
  4133 | D:5      | Noticed Duvessa
  4135 | D:5      | Noticed Dowan
  4147 | D:5      | Killed Duvessa
  4147 | D:5      | Reached XP level 8. HP: 61/70 MP: 8/8
  4155 | D:5      | Killed Dowan
  4155 | D:5      | Reached *** piety under Okawaru
  4546 | D:6      | Noticed a hippogriff
  4571 | D:6      | Killed a hippogriff
  5051 | D:6      | Reached skill level 1 in Shields
  5280 | D:7      | Found a sparkling altar of Nemelex Xobeh.
  5314 | D:7      | Reached **** piety under Okawaru
  5364 | D:7      | Noticed a hippogriff
  5371 | D:7      | Killed a hippogriff
  5371 | D:7      | Reached XP level 9. HP: 32/79 MP: 10/10
  6084 | D:8      | Reached ***** piety under Okawaru
  6561 | D:8      | Reached skill level 5 in Invocations
  6855 | D:8      | Reached XP level 10. HP: 69/90 MP: 12/12
  7018 | D:9      | Found a staircase to the Orcish Mines.
  7046 | D:9      | Noticed a two-headed ogre
  7048 | D:9      | Received a gift from Okawaru
  7049 | D:9      | Got a shimmering scimitar {god gift}
  7050 | D:9      | Identified the +7 scimitar of Ucoyczar {flame, Dex+6} (Okawaru gifted it to you on level 9 of the Dungeon)
  7060 | D:9      | Killed a two-headed ogre
  7136 | D:9      | Found an opulent altar of Gozag.
  7138 | D:9      | Found a bloodstained altar of Trog.
  7330 | Orc:1    | Entered Level 1 of the Orcish Mines
  7400 | Orc:1    | Noticed Urug
  7436 | Orc:1    | Killed Urug
  8076 | Orc:2    | Entered Level 2 of the Orcish Mines
  8076 | Orc:2    | Noticed an orc sorcerer
  8080 | Orc:2    | Noticed an orc knight
  8102 | Orc:2    | Found Ybbienn's Jewellery Boutique.
  8102 | Orc:2    | Noticed an orc sorcerer
  8102 | Orc:2    | Noticed an orc high priest
  8266 | Orc:2    | Noticed an orc sorcerer
  8277 | Orc:1    | Paralysed by an orc sorcerer for 6 turns
  8290 | Orc:1    | Noticed a sun demon
  8295 | Orc:1    | Killed an orc sorcerer
  8388 | D:9      | Killed an orc knight
  8631 | Orc:2    | Noticed a rust devil
  8639 | Orc:1    | Killed an orc sorcerer
  8639 | Orc:1    | Reached XP level 11. HP: 80/99 MP: 6/14
  8652 | Orc:1    | Killed an orc high priest
  8652 | Orc:1    | Received a gift from Okawaru
  9043 | Orc:1    | Killed an orc sorcerer
  9043 | Orc:1    | Reached skill level 10 in Fighting
  9043 | Orc:1    | Reached skill level 10 in Armour
  9123 | Orc:2    | Found Okhlocue's Antique Weapon Boutique.
  9422 | Orc:2    | Noticed an orc sorcerer
  9423 | Orc:2    | Noticed an orc warlord
  9423 | Orc:2    | Noticed an orc high priest
  9424 | Orc:2    | Noticed an orc high priest
  9427 | Orc:2    | Paralysed by an orc sorcerer for 3 turns
  9591 | Orc:2    | Noticed an orc high priest
  9724 | Orc:2    | Reached skill level 10 in Polearms
  9750 | Orc:2    | Noticed an orc high priest
 10081 | Orc:2    | Killed an orc high priest
 10396 | Orc:2    | Noticed an orc sorcerer
 10424 | Orc:2    | Killed an orc sorcerer
 10487 | Orc:1    | HP: 3/101 [orc warlord/great sword of distortion (12)]
 10491 | Orc:1    | Killed an orc warlord
 10906 | Orc:2    | Killed an orc high priest
 10906 | Orc:2    | Received a gift from Okawaru
 11046 | Orc:2    | Noticed an orc knight
 11068 | Orc:2    | Noticed a sixfirhy
 11498 | Orc:2    | Killed an orc sorcerer
 11500 | Orc:2    | Noticed a sun demon
 11593 | Orc:2    | Found Saer's Antique Armour Boutique.
 11686 | Orc:2    | Noticed a sun demon
 11690 | Orc:2    | Killed an orc high priest
 11690 | Orc:2    | Reached skill level 10 in Dodging
 11826 | Orc:2    | Found a staircase to the Elven Halls.
 11849 | Orc:2    | Found Xying's General Store.
 12003 | Orc:2    | Killed an orc knight
 12003 | Orc:2    | Reached XP level 12. HP: 85/108 MP: 15/17
 12034 | Orc:2    | Killed an orc high priest
 12128 | Orc:2    | Bought a scroll of acquirement for 572 gold pieces
 12147 | Elf:1    | Entered Level 1 of the Elven Halls
 12251 | Elf:1    | Reached ****** piety under Okawaru
 12327 | Elf:1    | Found a radiant altar of Vehumet.
 13533 | Elf:1    | Received a gift from Okawaru
 13536 | Elf:1    | Got a dazzling halberd {god gift}
 13792 | Elf:1    | Identified the +6 halberd "Qifiomnouxt" {antimagic, Str+2} (Okawaru gifted it to you on level 1 of the Elven Halls)
 14194 | Elf:1    | Received a gift from Okawaru
 14194 | Elf:1    | Reached XP level 13. HP: 110/119 MP: 3/18
 14195 | Elf:1    | Got a translucent arbalest {god gift}
 14408 | Elf:1    | Found a portal to a secret trove of treasure.
 14655 | Elf:1    | Noticed a deep elf sorcerer
 14668 | Elf:1    | Killed a deep elf sorcerer
 14675 | Elf:1    | Identified the Grimoire of Confrontation and Calling
 14689 | Elf:1    | Learned a level 2 spell: Blink
 14693 | Elf:1    | Learned a level 3 spell: Mephitic Cloud
 14697 | Elf:1    | Learned a level 3 spell: Conjure Flame
 14884 | Elf:2    | Received a gift from Okawaru
 14892 | Elf:2    | Noticed a deep elf demonologist
 14894 | Elf:2    | Noticed a deep elf sorcerer
 14897 | Elf:2    | Killed a deep elf sorcerer
 14903 | Elf:2    | Killed a deep elf demonologist
 15030 | Elf:2    | Found a ruined gateway.
 15164 | Desolati | Entered the Desolation of Salt
 15266 | Desolati | Identified the +6 arbalest of Trial by Ordeal {elec, rElec rF+} (Okawaru gifted it to you on level 1 of the Elven Halls)
 15476 | Desolati | Noticed an imperial myrmidon
 15505 | Desolati | Noticed an imperial myrmidon
 15928 | Elf:2    | Noticed Saint Roka
 15961 | Elf:2    | Noticed a deep elf sorcerer
 15971 | Elf:2    | Cast into level 3 of the Abyss (a deep elf sorcerer)
 15974 | Abyss:3  | Found a corrupted altar of Lugonu.
 16101 | Abyss:3  | Reached XP level 14. HP: 102/129 MP: 6/19
 16116 | Abyss:3  | Received a gift from Okawaru
 16185 | Abyss:4  | Got a fine chain mail
 16266 | Abyss:4  | Noticed a starcursed mass
 16290 | Abyss:4  | Killed from afar by a starcursed mass

Vault maps used:
D:1:      eino_arrival_cavern_e
D:2:      lemuel_crystal_altar, first_ration, doesnt_xom_only_xom, uniq_jessica
D:3:      cheibrodos_helix_gallery, nicolae_ru_sacrificial_ziggurat,
          grunt_temple_overflow_open
D:4:      overflow_temple_1_default, minmay_temple_entry_trees
D:5:      kennysheep_mini, serial_shops, shop, uniq_duvessa
D:7:      nicolae_overflow_crystal_walls
D:9:      chequers_temple_overflow_statue_of_worship, david_orc_3
Temple:   oiseaux_autumnal_temple
Orc:1:    uniq_urug
Orc:2:    grunt_orc_gardens, grunt_orc_garden, grunt_orc_garden,
          grunt_orc_garden, grunt_orc_garden
Elf:1:    eino_elf_arrival_altar, trove_entry_hex_spiral, minmay_elf_sorcery
Elf:2:    portal_desolation_entry_garden, david_defended_altar_elf,
          basic_stair_grate_trap, uniq_saint_roka
Abyss:3:  hangedman_abyss_or_decor_stabs, hangedman_classic_abyss_death,
          hangedman_abyss_or_decor_clamps
Abyss:4:  evilmike_abyss_exit_7, eino_small_chamber_without_monster,
          hangedman_illusive_loot, nicolae_abyss_rune_star_stuff,
          hangedman_abyss_or_decor_clamps

Skill      XL: |  1  2  3  4  5  6  7  8  9 10 11 12 13 14 |
---------------+-------------------------------------------+-----
Armour         | 2 3 4 5 6 7 8 9 10 12 13 | 13.6
Fighting       | 4 5 6 7 8 9 10 12 13 | 13.6
Polearms       | 4 5 6 7 8 9 10 12 13 | 13.5
Dodging        | 4 5 6 7 8 10 11 12 | 12.6
Invocations    | 2 3 5 6 8 9 |  9.4
Shields        | 2 4 |  4.0
Stealth        | |  1.5

Action                   |  1- 3 |  4- 6 |  7- 9 | 10-12 | 13-15 || total
-------------------------+-------+-------+-------+-------+-------++-------
Melee: Spear             |   105 |   101 |       |       |       ||   206
       Headbutt          |    15 |    32 |    69 |   124 |    45 ||   285
       Trident           |       |   113 |   476 |   514 |       ||  1103
       Bardiche          |       |       |       |   109 |       ||   109
       Halberd           |       |       |       |    54 |   250 ||   304
Invok: Heroism           |       |       |       |     9 |    10 ||    19
       Finesse           |       |       |       |     4 |     2 ||     6
Evoke: Wand              |       |       |       |    18 |     1 ||    19
  Use: Potion            |     4 |       |     1 |     8 |     9 ||    22
       Scroll            |     2 |       |    14 |    11 |     6 ||    33
 Stab: Sleeping          |     3 |     2 |       |       |       ||     5
       Confused          |       |       |       |     8 |       ||     8
  Eat: Chunk             |     1 |     7 |    12 |    17 |     4 ||    41
       Ration            |       |       |       |     2 |     1 ||     3
Armor: Robe              |    12 |       |       |       |       ||    12
       Leather armour    |     2 |    66 |       |       |       ||    68
       Chain mail        |       |    14 |   171 |       |       ||   185
       Plate armour      |       |       |   146 |   319 |    14 ||   479
       Pearl dragon scal |       |       |       |       |    96 ||    96
       Skin              |       |       |       |       |     1 ||     1
Dodge: Dodged            |    43 |   134 |   168 |   240 |   135 ||   720
Block: Buckler           |       |       |    38 |    89 |       ||   127

Table legend:
 A = Spawn XP
 B = Non-spawn XP
 C = Spawn XP percentage of total XP
 D = Spawn monster count
 E = Non-spawn monster count
 F = Spawn count percentage of total count
 G = Total turns spent on level
                    A         B        C        D         E        F      G
               +---------+---------+-------+---------+---------+-------+---------
         Total |    2682 |   65566 |   3.9 |       8 |     331 |   2.4 | 16290
               +---------+---------+-------+---------+---------+-------+---------
           D:1 |       0 |      29 |   0.0 |       0 |      17 |   0.0 |   815
           D:2 |       0 |     109 |   0.0 |       0 |      21 |   0.0 |   728
           D:3 |       0 |     237 |   0.0 |       0 |      43 |   0.0 |   854
           D:4 |       0 |     604 |   0.0 |       0 |      22 |   0.0 |   942
           D:5 |       0 |     617 |   0.0 |       0 |      19 |   0.0 |   940
           D:6 |       0 |     860 |   0.0 |       0 |      25 |   0.0 |   635
           D:7 |       0 |     840 |   0.0 |       0 |      15 |   0.0 |   670
           D:8 |       0 |    1977 |   0.0 |       0 |      24 |   0.0 |   995
           D:9 |       0 |    2451 |   0.0 |       0 |      14 |   0.0 |   606
         Orc:1 |       0 |    6969 |   0.0 |       0 |      27 |   0.0 |  2680
         Orc:2 |       0 |   10317 |   0.0 |       0 |      44 |   0.0 |  2359
         Elf:1 |       0 |   21188 |   0.0 |       0 |      31 |   0.0 |  2231
         Elf:2 |       0 |   14736 |   0.0 |       0 |      20 |   0.0 |   816
       Abyss:3 |    1491 |    1518 |  49.6 |       5 |       3 |  62.5 |   162
       Abyss:4 |    1191 |     372 |  76.2 |       3 |       1 |  75.0 |   157
    Desolation |       0 |    2742 |   0.0 |       0 |       5 |   0.0 |   368
               +---------+---------+-------+---------+---------+-------+---------
